[Event "Team 45 45 League T85"]
[Site "Internet Chess Club"]
[Date "2020.07.25"]
[Round "4"]
[White "ascoli"]
[Black "liujf"]
[Result "0-1"]
[WhiteElo "1600"]
[BlackElo "1643"]
[Opening "Réti: King's Indian attack, French variation"]
[ECO "A05"]
[Time "10:26:36"]
[TimeControl "2700+45"]

1. Nf3 Nf6 2. g3 e6 3. Bg2 d5 4. O-O Be7 5. d3 O-O 6. Nbd2 c5 7. e4 Nc6 8. Re1
b6 9. c3 Bb7 10. e5 Nd7 11. d4 Re8 12. h4 f6 13. Nf1 fxe5 14. dxe5 Rf8 15. Ng5
Bxg5 16. Bxg5 Qc7 17. Qg4 Ndxe5 18. Qxe6+ Rf7 19. Bf4 Qe7 20. Bxd5 Qxe6 21. Bxe6
Nf3+ 22. Kh1 Nxe1 23. Bxf7+ Kxf7 24. Rxe1 Nd4+ 25. f3 Bxf3+ 26. Kg1 Ne2+ 27. Kf2
Nxf4 28. Kxf3 Nd3 29. Re2 Rf8 30. Rd2 Kg6+ 31. Ke3 Nxb2 32. Rxb2 Rxf1 33. Rd2
Rf6 34. Rd7 Rf7 35. Rd6+ Kf5 36. Rd5+ Ke6 37. Ke4 Rf2 38. Re5+ Kd6 39. Rh5 h6
40. Rd5+ Kc6 41. Re5 Re2+ 42. Kf5 Rxe5+ 43. Kxe5 Kb5 44. Kf5 Kc4 45. Kg6 Kxc3
46. Kxg7 Kd4 47. Kxh6 c4 48. g4 c3 49. g5 c2 50. h5 c1=Q 51. Kg6 Ke5 52. h6 Qc6+
53. Kg7 Qd7+ {White resigns} 0-1

[Event "Team 45 45 League T85"]
[Site "Internet Chess Club"]
[Date "2020.07.24"]
[Round "4"]
[White "Hal2001"]
[Black "danielcao"]
[Result "1-0"]
[WhiteElo "1495"]
[BlackElo "1328"]
[Opening "Giuoco Piano"]
[ECO "C54"]
[Time "20:01:40"]
[TimeControl "2700+45"]

1. e4 e5 2. Nf3 Nc6 3. Bc4 Bc5 4. c3 Nf6 5. d3 O-O 6. Nbd2 d6 7. Bb3 Bg4 8. h3
Bh5 9. Nf1 Re8 10. Ng3 Bg6 11. Bg5 h6 12. Bh4 Na5 13. Bc2 Bb6 14. Qe2 Nc6 15.
Nh2 Nb8 16. Ng4 Nbd7 17. Nxf6+ Nxf6 18. O-O-O a5 19. Rhf1 a4 20. f4 Ba5 21. f5
Bh7 22. Nh5 a3 23. Nxf6+ gxf6 24. b4 Bb6 25. Bb3 Rf8 26. Qg4+ Kh8 27. Rf3 c5 28.
Qh5 cxb4 29. Qxh6 Rg8 30. Bxf6+ Qxf6 31. Qxf6+ Rg7 32. Bxf7 Rc8 33. c4 b3 34.
Rg3 b2+ 35. Kb1 Rg8 36. Bxg8 {Black resigns} 1-0

[Event "Team 45 45 League T85"]
[Site "Internet Chess Club"]
[Date "2020.07.27"]
[Round "4"]
[White "dabodhi"]
[Black "Pawnchain"]
[Result "1/2-1/2"]
[WhiteElo "1282"]
[BlackElo "1352"]
[Opening "French defense"]
[ECO "C00"]
[Time "15:04:06"]
[TimeControl "2700+45"]

1. e4 e6 2. Nf3 Nc6 3. d4 d5 4. e5 f6 5. Bb5 Bd7 6. O-O Nce7 7. a4 Ng6 8. Re1 c6
9. Bd3 Be7 10. c3 fxe5 11. dxe5 Qc7 12. Bxg6+ hxg6 13. Ng5 Bxg5 14. Bxg5 Nh6 15.
h3 O-O 16. Be7 Rf7 17. Bd6 Qb6 18. Qd4 Qxd4 19. cxd4 Rf4 20. Nd2 Rxd4 21. Nf3
Rf4 22. Re3 Nf5 23. Rd3 Rc8 24. g3 Rc4 25. b3 Rc2 26. Nd4 Nxd4 27. Rxd4 c5 28.
Rg4 Be8 29. Rf4 Bf7 30. b4 c4 31. Rd4 a6 32. a5 Be8 33. Rf4 Bc6 34. Rg4 Be8 35.
Rd4 Rc3 36. Rf4 Bf7 37. Kg2 Rb3 38. Rf3 Rxf3 39. Kxf3 d4 {Game drawn by mutual
agreement} 1/2-1/2

[Event "Team 45 45 League T85"]
[Site "Internet Chess Club"]
[Date "2020.07.22"]
[Round "4"]
[White "DaveTheRook"]
[Black "Insan996"]
[Result "0-1"]
[WhiteElo "1536"]
[BlackElo "1644"]
[Opening "Nimzo-Indian: classical, 4...c5"]
[ECO "E38"]
[Time "18:47:18"]
[TimeControl "2700+45"]

1. d4 Nf6 2. c4 e6 3. Nc3 Bb4 4. Qc2 c5 5. dxc5 Bxc5 6. Bg5 b6 7. a3 Bb7 8. b4
Be7 9. Nf3 h6 10. Bf4 O-O 11. e3 Nh5 12. Bg3 Bf6 13. Bd6 Be7 14. Bxe7 Qxe7 15.
Be2 Nf6 16. O-O d5 17. cxd5 Nxd5 18. Nxd5 Bxd5 19. Rac1 Nd7 20. Qc7 Rfc8 21.
Qxc8+ Rxc8 22. Rxc8+ Kh7 23. Rfc1 Bxf3 24. Bxf3 Ne5 25. Be2 Qd7 26. R8c2 Qd5 27.
h3 Qb3 28. Rc3 Qb2 29. R1c2 Qb1+ 30. Rc1 Qa2 31. R1c2 Qd5 32. Rc7 Qb3 33. R7c3
Qa4 34. Rc1 a5 35. bxa5 Qxa5 36. R1c2 Kg6 37. f4 Nd7 38. Bd3+ Kf6 39. Kf2 g6 40.
Be4 Nc5 41. Bc6 Qa7 42. Bf3 h5 43. h4 Qa4 44. g3 Ne4+ 45. Bxe4 Qxe4 46. Rc1 Kf5
47. Rc4 Qd3 48. R4c3 Qd5 49. Rc4 Kg4 50. e4 Qd2+ 51. Kg1 Qe3+ 52. Kh1 Kh3 53.
R4c3 Qxe4+ {White resigns} 0-1

[Event "Team 45 45 League T85"]
[Site "Internet Chess Club"]
[Date "2020.07.26"]
[Round "4"]
[White "nidusin2"]
[Black "pokerram"]
[Result "1/2-1/2"]
[WhiteElo "1578"]
[BlackElo "1545"]
[Opening "Queen's pawn: Chigorin variation"]
[ECO "D00"]
[Time "09:00:44"]
[TimeControl "2700+45"]

1. d4 d5 2. Nc3 Nf6 3. Bf4 a6 4. e3 e6 5. Bd3 c5 6. dxc5 Bxc5 7. Nf3 Bd6 8. Bg5
h6 9. Bh4 Nbd7 10. e4 Qc7 11. exd5 Nxd5 12. Nxd5 exd5 13. Qe2+ Kf8 14. Bg3 Qa5+
15. c3 Bxg3 16. hxg3 Nf6 17. Nd4 Bd7 18. O-O Re8 19. Qc2 g5 20. Bf5 Qd8 21. Rae1
Ne4 22. Bxe4 dxe4 23. Rxe4 Kg7 24. g4 Rxe4 25. Qxe4 Re8 26. Qc2 Bxg4 27. f3 Bc8
28. Rd1 Qe7 29. Qf2 Qe3 30. Qxe3 Rxe3 31. Kf2 Re7 32. g3 h5 33. Nc2 Bf5 34. Nd4
Bd7 {Game drawn by mutual agreement} 1/2-1/2

[Event "Team 45 45 League T85"]
[Site "Internet Chess Club"]
[Date "2020.07.26"]
[Round "4"]
[White "Constrictor"]
[Black "Kingfisher75"]
[Result "0-1"]
[WhiteElo "1524"]
[BlackElo "1560"]
[Opening "Sicilian defense"]
[ECO "B40"]
[Time "20:00:55"]
[TimeControl "2700+45"]

1. e4 c5 2. Nf3 e6 3. d3 Nc6 4. g3 Qc7 5. Bg2 Nf6 6. O-O Be7 7. Nc3 a6 8. Ng5 h6
9. Nh3 e5 10. f4 d6 11. f5 Bd7 12. Be3 O-O-O 13. Nf2 h5 14. Bg5 Rdg8 15. Qd2 Qd8
16. Nfd1 Ng4 17. Bxe7 Qxe7 18. Nd5 Qd8 19. N1e3 Nxe3 20. Qxe3 h4 21. g4 Ne7 22.
a3 Nxd5 23. exd5 g6 24. fxg6 Rxg6 25. h3 Rf8 26. Be4 f5 27. Qf2 Rgg8 28. Bxf5
Bxf5 29. Kh2 Bxd3 30. Qxf8 Rxf8 31. Rxf8 Qxf8 32. cxd3 {White resigns} 0-1

[Event "Team 45 45 League T85"]
[Site "Internet Chess Club"]
[Date "2020.07.25"]
[Round "4"]
[White "seattleblues"]
[Black "Denis240964"]
[Result "0-1"]
[WhiteElo "1254"]
[BlackElo "1429"]
[Opening "Queen's pawn game"]
[ECO "D02"]
[Time "06:07:07"]
[TimeControl "2700+45"]

1. d4 d5 2. Nf3 e6 3. c4 b6 4. Nc3 Bb7 5. Bf4 Bd6 6. Bg3 Nf6 7. e3 O-O 8. Bd3
dxc4 9. Bxc4 Ne4 10. Nxe4 Bxe4 11. Bd3 Bb4+ 12. Kf1 Qd5 13. Bxe4 Qxe4 14. Bxc7
Na6 15. Bg3 Rac8 16. Nd2 Qd3+ 17. Kg1 Qxd2 18. Qf1 Nb8 19. a3 Be7 20. b4 Rc2 21.
Rd1 Qc3 22. Rd3 Qb2 23. f4 Rfc8 24. Be1 Rc1 25. Rd2 Qxa3 26. h4 Bxb4 27. Re2 Qa1
28. Kh2 Bxe1 29. Rxe1 Rxe1 30. Qxe1 Qxe1 31. Rxe1 Nd7 32. Ra1 a5 33. Rb1 Rc3 34.
Rd1 Rxe3 35. Re1 Rxe1 {White resigns} 0-1

[Event "Team 45 45 League T85"]
[Site "Internet Chess Club"]
[Date "2020.07.23"]
[Round "4"]
[White "Demachaeron"]
[Black "JeffH"]
[Result "1/2-1/2"]
[WhiteElo "1711"]
[BlackElo "1758"]
[Opening "Pirc: classical, h3 system"]
[ECO "B08"]
[Time "18:31:05"]
[TimeControl "2700+45"]

1. e4 d6 2. Nf3 Nf6 3. Nc3 g6 4. d4 Bg7 5. h3 O-O 6. Be3 b6 7. Bd3 Bb7 8. Qd2 c5
9. Bh6 cxd4 10. Nxd4 Nbd7 11. Bxg7 Kxg7 12. O-O Nc5 13. f3 e5 14. Nde2 d5 15.
exd5 Nxd5 16. Rad1 Nxd3 17. Qxd3 Nxc3 18. Nxc3 Qe7 19. Qd6 Qg5 20. Qd2 Qe7 21.
Qd6 Qg5 22. Qd2 {Game drawn by mutual agreement} 1/2-1/2

[Event "Team 45 45 League T85"]
[Site "Internet Chess Club"]
[Date "2020.07.24"]
[Round "4"]
[White "GoIrish"]
[Black "KidRattler"]
[Result "0-1"]
[WhiteElo "1474"]
[BlackElo "1768"]
[Opening "Réti: King's Indian attack (Barcza system)"]
[ECO "A07"]
[Time "07:00:51"]
[TimeControl "2700+45"]

1. Nf3 d5 2. g3 Bf5 3. Bg2 Nf6 4. O-O e6 5. d3 h6 6. Nbd2 c6 7. c4 Nbd7 8. cxd5
cxd5 9. Qa4 a6 10. b4 Bd6 11. Bb2 O-O 12. Nd4 Bh7 13. Rac1 Qe7 14. a3 e5 15. Nc2
b5 16. Qb3 Nb6 17. Ne3 d4 18. Bxa8 dxe3 19. fxe3 Rxa8 20. Rc6 Nbd5 21. d4 exd4
22. Bxd4 Be5 23. Rfc1 Bg6 24. Bxe5 Qxe5 25. Nf3 Qe7 26. Nd4 Nxe3 27. Nf3 Nfd5
28. Kf2 Re8 29. Re1 Ng4+ 30. Kg2 Be4 31. h3 Nde3+ 32. Kg1 Bxc6 33. hxg4 Nxg4 34.
Nd4 Qe4 35. Nxc6 Ne3 {White resigns} 0-1

[Event "Team 45 45 League T85"]
[Site "Internet Chess Club"]
[Date "2020.07.27"]
[Round "4"]
[White "Validus"]
[Black "xingon"]
[Result "1-0"]
[WhiteElo "1457"]
[BlackElo "1369"]
[Opening "Queen's pawn, Mason variation"]
[ECO "D00"]
[Time "12:05:32"]
[TimeControl "2700+45"]

1. d4 d5 2. Bf4 Bf5 3. Nf3 Nf6 4. Nbd2 e6 5. e3 c5 6. c3 Bd6 7. Qa4+ Nc6 8. Bb5
Qd7 9. Bxc6 bxc6 10. Ne5 Bxe5 11. Bxe5 Ne4 12. Nxe4 Bxe4 13. f3 Bd3 14. dxc5 O-O
15. Qd4 f6 16. Bd6 {Black resigns} 1-0

[Event "Team 45 45 League T85"]
[Site "Internet Chess Club"]
[Date "2020.07.26"]
[Round "4"]
[White "BrerRabbit"]
[Black "bardu"]
[Result "1-0"]
[WhiteElo "1413"]
[BlackElo "1317"]
[Opening "Queen's pawn game"]
[ECO "A46"]
[Time "14:01:26"]
[TimeControl "2700+45"]

1. d4 Nf6 2. Nf3 e6 3. g3 b5 4. Bg2 Bb7 5. O-O c5 6. Bg5 cxd4 7. Bxf6 Qxf6 8.
Nxd4 Bxg2 9. Kxg2 a6 10. c3 Bc5 11. e3 e5 12. Qf3 Qxf3+ 13. Nxf3 f6 14. Rd1 O-O
15. Nbd2 Rd8 16. Ne4 Be7 17. Nd6 Bxd6 18. Rxd6 Nc6 19. Rad1 Ra7 20. e4 h5 21.
Rxc6 {Black resigns} 1-0

[Event "Team 45 45 League T85"]
[Site "Internet Chess Club"]
[Date "2020.07.26"]
[Round "4"]
[White "Ohanessian"]
[Black "fileman"]
[Result "1-0"]
[WhiteElo "1999"]
[BlackElo "1871"]
[Opening "Scotch gambit"]
[ECO "C44"]
[Time "15:25:02"]
[TimeControl "2700+45"]

1. e4 Nc6 2. d4 e5 3. Nf3 exd4 4. Bc4 Bc5 5. c3 d3 6. Qxd3 d6 7. b4 Bb6 8. a4 a5
9. b5 Nce7 10. Bg5 Be6 11. O-O Qd7 12. Nbd2 f6 13. Be3 Bxe3 14. Qxe3 Ng6 15.
Bxe6 Qxe6 16. Nd4 Qd7 17. f4 N8e7 18. f5 Ne5 19. Ne6 g5 20. Nf3 h5 21. Nxe5 dxe5
22. Rad1 Qc8 23. Rd8+ Qxd8 24. Nxd8 Kxd8 25. Rd1+ Ke8 26. Qc5 Rc8 27. Qc4 Rf8
28. Qe6 Rd8 29. Rd5 b6 30. c4 Rxd5 31. cxd5 Kd8 32. d6 Nc8 33. dxc7+ Kxc7 34.
Qc6+ Kd8 35. Qb7 h4 36. h3 Re8 37. Qf7 Nd6 38. Qxf6+ Kd7 39. Qg6 Nxe4 40. Qc6+
{Black resigns} 1-0

[Event "Team 45 45 League T85"]
[Site "Internet Chess Club"]
[Date "2020.07.24"]
[Round "4"]
[White "Eric1127"]
[Black "achessman"]
[Result "1-0"]
[WhiteElo "1773"]
[BlackElo "1854"]
[Opening "Caro-Kann: advance variation"]
[ECO "B12"]
[Time "21:01:15"]
[TimeControl "2700+45"]

1. e4 c6 2. d4 d5 3. e5 Bf5 4. Nf3 e6 5. Be2 c5 6. c3 Nd7 7. O-O h6 8. Na3 Ne7
9. Be3 Nc6 10. Nc2 Be7 11. Qd2 O-O 12. Rfb1 Rc8 13. Rc1 a6 14. b3 Qc7 15. a3 f6
16. exf6 Nxf6 17. dxc5 Ne4 18. Qe1 Nxc5 19. Ncd4 e5 20. Nxf5 Rxf5 21. Qd1 Rd8
22. b4 Ne6 23. Ra2 Rd7 24. Rd2 Qd8 25. Bc4 Nc7 26. Bb3 Kh8 27. Bb6 e4 28. Nd4
Re5 29. Nc2 Bg5 30. Ne3 Ne7 31. c4 Bxe3 32. fxe3 Rg5 33. cxd5 Nf5 34. Rxc7 Rxc7
35. d6 Nxe3 36. dxc7 Rxg2+ 37. Rxg2 Qxd1+ 38. Bxd1 {Black resigns} 1-0

[Event "Team 45 45 League T85"]
[Site "Internet Chess Club"]
[Date "2020.07.26"]
[Round "4"]
[White "ulfbert"]
[Black "LookImYourVader"]
[Result "1-0"]
[WhiteElo "1817"]
[BlackElo "1770"]
[Opening "Bird's opening"]
[ECO "A03"]
[Time "14:31:15"]
[TimeControl "2700+45"]

1. f4 d5 2. Nf3 Nf6 3. g3 Bg4 4. Ne5 Bf5 5. Bg2 Nbd7 6. O-O c6 7. d3 Qc7 8. Nf3
e6 9. Qe1 Bc5+ 10. Kh1 h6 11. c3 O-O 12. Na3 Rfe8 13. Bd2 Bh7 14. Nc2 Bd6 15.
Ne3 e5 16. fxe5 Nxe5 17. Nxe5 Bxe5 18. d4 Bd6 19. Rxf6 gxf6 20. Ng4 Re6 21. Qf1
Bf8 22. Nxf6+ Rxf6 23. Qxf6 Bg7 24. Qh4 Qd6 25. Rf1 Re8 26. Rf2 Qe7 27. Qxe7
Rxe7 28. Bf3 Bb1 29. a3 Be4 30. Bxe4 Rxe4 31. Kg2 Kh7 32. Bf4 Kg6 33. e3 f5 34.
b3 a6 35. Kf3 Bf8 36. a4 h5 37. c4 dxc4 38. bxc4 a5 39. Ke2 Kf6 40. Kd3 Ke6 41.
Rb2 Bb4 42. h3 Ke7 43. g4 hxg4 44. hxg4 Kf6 45. Rh2 Re7 46. Rh6+ Kg7 47. gxf5
Rf7 48. Rg6+ Kh7 49. e4 Be7 50. Be5 Bh4 51. Rg2 Kh6 52. Bf4+ Kh5 53. Ke3 Rf8 54.
Kf3 Rf7 55. Rg6 Rh7 56. e5 {Black resigns} 1-0

[Event "Team 45 45 League T85"]
[Site "Internet Chess Club"]
[Date "2020.07.27"]
[Round "4"]
[White "trombone"]
[Black "Portola"]
[Result "0-1"]
[WhiteElo "1770"]
[BlackElo "1653"]
[Opening "French: Tarrasch"]
[ECO "C03"]
[Time "14:04:55"]
[TimeControl "2700+45"]

1. e4 e6 2. d4 d5 3. Nd2 dxe4 4. Nxe4 Be7 5. Nf3 Nf6 6. Bd3 Nxe4 7. Bxe4 Nd7 8.
Qe2 O-O 9. c3 c5 10. O-O cxd4 11. Nxd4 Nf6 12. Bf3 a6 13. Re1 Qc7 14. g3 Re8 15.
Bf4 Bd6 16. Bg5 Be7 17. Rad1 Qa5 18. Bd2 Qb6 19. Nb3 Bd7 20. c4 Qc7 21. Na5 Bc6
22. Nxc6 bxc6 23. Bf4 Qc8 24. Rd3 a5 25. Rb3 Bc5 26. Rd1 e5 27. Bg5 e4 28. Bg2
Ng4 29. Bh3 f5 30. Bxg4 fxg4 31. Be3 a4 32. Rc3 Bb4 33. Rcc1 Qe6 34. a3 Be7 35.
Bf4 Bc5 36. Be3 Bxe3 37. Qxe3 Rab8 38. Rc2 Rb3 39. Qe2 e3 40. fxe3 Rxe3 41. Qg2
Rf8 42. Rf2 Re1+ 43. Rxe1 Qxe1+ 44. Qf1 Qe3 45. Qe2 Rf3 46. Kf1 Qc1+ 47. Kg2 Qe3
48. Qxe3 Rxe3 49. Kf1 Re4 50. Rc2 c5 51. Kg2 h5 52. Kg1 g6 53. Kg2 Kg7 54. Kg1
Kf6 55. Kf1 g5 56. Kf2 h4 57. Rc3 h3 58. Rc2 Ke5 59. Rc3 Rd4 60. Re3+ Re4 61.
Rc3 Kd4 62. Kf1 Re3 63. Rc2 Kd3 64. Rf2 Kxc4 65. Rf5 Rf3+ {White resigns} 0-1

[Event "Team 45 45 League T85"]
[Site "Internet Chess Club"]
[Date "2020.07.26"]
[Round "4"]
[White "cadmiumorange"]
[Black "laurenpar"]
[Result "0-1"]
[WhiteElo "1714"]
[BlackElo "1875"]
[Opening "Réti opening"]
[ECO "A04"]
[Time "03:30:45"]
[TimeControl "2700+45"]

1. Nf3 e6 2. d3 d5 3. g3 c5 4. Bg2 Nc6 5. O-O Nf6 6. Nbd2 Be7 7. e4 Qc7 8. Re1
O-O 9. e5 Nd7 10. Qe2 b5 11. h4 a5 12. Nf1 Ba6 13. Bf4 Rfc8 14. Ne3 Qd8 15. Ng5
h6 16. Nxe6 fxe6 17. Qg4 Kh8 18. Qxe6 Nf8 19. Qxd5 Ra7 20. Qxd8 Bxd8 21. Nf5 Nd4
22. Nd6 Nxc2 23. Nxc8 Bxc8 24. Rec1 Nxa1 25. Rxc5 Rc7 26. Rxb5 Ne6 27. Rd5 Rd7
28. Bd2 Nc2 29. f4 Nb4 30. Rxd7 Bxd7 31. f5 Nd4 32. e6 Bc6 33. Bxc6 Ndxc6 34. g4
Bxh4 35. Bxb4 Nxb4 36. a3 Nxd3 37. b4 axb4 38. axb4 Nxb4 39. Kg2 Kg8 40. Kf3 Kf8
{White resigns} 0-1

[Event "Team 45 45 League T85"]
[Site "Internet Chess Club"]
[Date "2020.07.27"]
[Round "4"]
[White "pishd"]
[Black "fishhead"]
[Result "1/2-1/2"]
[WhiteElo "1774"]
[BlackElo "1774"]
[Opening "King's Indian: East Indian defense"]
[ECO "A48"]
[Time "11:03:47"]
[TimeControl "2700+45"]

1. d4 Nf6 2. Nf3 g6 3. e3 Bg7 4. Be2 d6 5. O-O O-O 6. c4 c5 7. Nc3 cxd4 8. exd4
d5 9. b3 Nc6 10. Be3 b6 11. Rc1 Bb7 12. Qd2 Ne4 13. Qc2 Nxc3 14. Qxc3 Rc8 15.
Qd2 e5 16. cxd5 Nxd4 17. Nxd4 exd4 18. Rxc8 Bxc8 19. Bxd4 Qxd5 20. Bc3 Qxd2 21.
Bxd2 Be6 22. Rc1 {Game drawn by mutual agreement} 1/2-1/2

[Event "Team 45 45 League T85"]
[Site "Internet Chess Club"]
[Date "2020.07.23"]
[Round "4"]
[White "bobhill"]
[Black "justice02"]
[Result "1-0"]
[WhiteElo "1886"]
[BlackElo "1533"]
[Opening "Queen's pawn game"]
[ECO "D02"]
[Time "20:32:21"]
[TimeControl "2700+45"]

1. d4 d5 2. Nf3 c6 3. Bg5 Nd7 4. e3 Ngf6 5. Nbd2 Qa5 6. c3 Ne4 7. Bh4 h6 8. Nxe4
dxe4 9. Nd2 g5 10. Bg3 Qf5 11. Bc4 Nf6 12. O-O Bg7 13. f3 exf3 14. Rxf3 Qg6 15.
Qf1 O-O 16. Bd3 Qh5 17. Ne4 Nd5 18. Re1 b5 19. c4 g4 20. Rf2 bxc4 21. Bxc4 Qg6
22. Bd3 f5 23. Nc5 Kh8 24. Be5 Bxe5 25. dxe5 Qg5 26. e4 Ne3 27. Qe2 g3 28. Rf3
gxh2+ 29. Kh1 Ng4 30. e6 f4 31. e5 Rg8 32. g3 fxg3 33. Kg2 Nf2 34. Rf7 Nxd3 35.
Qxd3 Qg6 36. Qxg6 Rxg6 37. Rxe7 Rb8 38. b3 Rb5 39. Nd7 Bxd7 40. exd7 Rd5 41.
Re8+ Rg8 42. Rxg8+ Kxg8 43. e6 {Black resigns} 1-0

[Event "Team 45 45 League T85"]
[Site "Internet Chess Club"]
[Date "2020.07.25"]
[Round "4"]
[White "fishhead"]
[Black "room-matt"]
[Result "1-0"]
[WhiteElo "1774"]
[BlackElo "1759"]
[Opening "Ruy Lopez: Bird's defense"]
[ECO "C61"]
[Time "12:01:08"]
[TimeControl "2700+45"]

1. e4 e5 2. Nf3 Nc6 3. Bb5 Nd4 4. Nxd4 exd4 5. O-O Bc5 6. d3 c6 7. Bc4 d5 8.
exd5 cxd5 9. Re1+ Ne7 10. Bb3 O-O 11. Bg5 Be6 12. Qf3 a5 13. a4 Qd7 14. h3 Ng6
15. Na3 h6 16. Bd2 b6 17. Nb5 Rae8 18. g4 Ne7 19. Qg2 Nc6 20. f4 f5 21. Rxe6
Rxe6 22. Qxd5 Qxd5 23. Bxd5 Nd8 24. Nc7 fxg4 25. Nxe6 Nxe6 26. Bxe6+ Kh7 27.
hxg4 Bd6 28. f5 g6 29. fxg6+ Kxg6 30. Bf5+ Kg7 31. Kg2 h5 32. Kf3 Rh8 33. Rg1 h4
34. Bf4 Bxf4 35. Kxf4 Re8 36. Rg2 Re1 37. Rh2 Rc1 38. Ke5 {Black resigns} 1-0

[Event "Team 45 45 League T85"]
[Site "Internet Chess Club"]
[Date "2020.07.28"]
[Round "4"]
[White "Zugzwanged"]
[Black "cityprosecutor"]
[Result "1-0"]
[WhiteElo "1706"]
[BlackElo "1657"]
[Opening "Pirc: classical (two knights) system"]
[ECO "B08"]
[Time "13:00:46"]
[TimeControl "2700+45"]

1. e4 d6 2. d4 Nf6 3. Nc3 g6 4. Nf3 Nc6 5. Be2 Bg7 6. O-O O-O 7. d5 Nb8 8. Re1
c6 9. Be3 a6 10. a4 a5 11. Qd2 Re8 12. Rad1 Qc7 13. h3 Nbd7 14. Bh6 Bh8 15. dxc6
bxc6 16. Bc4 Ba6 17. Ba2 Nb6 18. e5 dxe5 19. Nxe5 e6 20. Qd6 Rac8 21. Nxf7 Qxf7
22. Rxe6 Bc4 23. Rde1 Bxa2 24. Nxa2 Rxe6 25. Qxe6 Qxe6 26. Rxe6 Nfd5 27. b3 Kf7
28. Re2 Re8 29. Rxe8 Kxe8 30. Bd2 Nb4 31. Nxb4 axb4 32. Bxb4 Nd5 33. Bd2 Bd4 34.
Kf1 Ba1 35. Ke2 Bd4 36. f3 Kd7 37. Kd3 Bf2 38. c4 Nc7 39. b4 Kc8 40. g4 Ne6 41.
Ke4 Kb7 42. f4 Ng7 43. Ke5 Ne8 44. f5 gxf5 45. gxf5 Bh4 46. Be3 Kc7 47. b5 cxb5
48. cxb5 Be1 49. Bc5 h5 50. Ke6 Ng7+ 51. Kf6 Bc3+ 52. Kg6 Ne8 53. Kxh5 Kb7 54.
Kg6 Nf6 55. Be7 {Black resigns} 1-0

[Event "Team 45 45 League T85"]
[Site "Internet Chess Club"]
[Date "2020.07.23"]
[Round "4"]
[White "Egmont"]
[Black "Yedixon"]
[Result "1-0"]
[WhiteElo "1736"]
[BlackElo "1614"]
[Opening "Queen's Pawn"]
[ECO "A41"]
[Time "12:05:06"]
[TimeControl "2700+45"]

1. d4 d6 2. Nf3 Nf6 3. Nbd2 g6 4. e3 Bg7 5. Bd3 c5 6. c3 Nc6 7. O-O Bg4 8. h3
Bd7 9. dxc5 dxc5 10. Qc2 Rc8 11. Ne4 Qb6 12. Nxf6+ exf6 13. Qe2 O-O 14. e4 Rfe8
15. Qc2 Qa5 16. Qb3 Qc7 17. Be3 Ne7 18. Bc4 Rf8 19. Rfe1 a6 20. a4 Nc6 21. Qc2
Na5 22. Ba2 c4 23. Rad1 Qc6 24. Rd5 Nb3 25. Red1 Be6 26. Nd4 Nxd4 27. R5xd4 f5
28. Rd6 Qxe4 29. Qd2 Be5 30. Bb1 Qh4 31. Bg5 Qh5 32. Rd8 f6 33. Rxf8+ Rxf8 34.
Be3 g5 35. Re1 f4 36. Bd4 f3 37. Bxe5 fxe5 38. Rxe5 Bxh3 39. Rxg5+ {Black
resigns} 1-0

[Event "Team 45 45 League T85"]
[Site "Internet Chess Club"]
[Date "2020.07.25"]
[Round "4"]
[White "doudou2011"]
[Black "scostanzo212"]
[Result "0-1"]
[WhiteElo "1536"]
[BlackElo "1596"]
[Opening "Queen's pawn game, Darooha variation "]
[ECO "D02"]
[Time "14:05:29"]
[TimeControl "2700+45"]

1. d4 d5 2. Nf3 Nf6 3. g3 Bf5 4. Bg2 c6 5. c4 dxc4 6. Nc3 h6 7. Ne5 Nbd7 8. Nxc4
Nb6 9. Nd2 Qd7 10. Nb3 e6 11. Bf4 Nbd5 12. Nxd5 cxd5 13. Rc1 Bb4+ 14. Bd2 Bxd2+
15. Nxd2 O-O 16. O-O Rac8 17. Qb3 Rc6 18. Qa3 Ra6 19. Qb3 Rb6 20. Qc3 Rc6 21.
Qe3 Rfc8 22. Nb3 b6 23. Rc3 Rxc3 24. bxc3 Qa4 25. Qd2 Ne4 26. Bxe4 Bxe4 27. f3
Bh7 28. Rc1 Qa3 29. Ra1 a5 30. Qc1 Qxc1+ 31. Rxc1 a4 32. Nd2 b5 33. e4 b4 34. c4
dxc4 35. Rxc4 Rxc4 36. Nxc4 f5 37. e5 f4 38. gxf4 a3 39. Nd2 Bc2 40. Nc4 Bb1 41.
Ne3 b3 42. Kf2 bxa2 {White resigns} 0-1

[Event "Team 45 45 League T85"]
[Site "Internet Chess Club"]
[Date "2020.07.24"]
[Round "4"]
[White "handsomematch"]
[Black "LookImYourVader"]
[Result "0-1"]
[WhiteElo "1671"]
[BlackElo "1785"]
[Opening "Scandinavian: Marshall variation"]
[ECO "B01"]
[Time "16:00:33"]
[TimeControl "2700+45"]

1. e4 d5 2. exd5 Nf6 3. d4 Nxd5 4. c4 Nb6 5. Nf3 g6 6. Be2 Bg7 7. O-O O-O 8. Be3
Nc6 9. Nc3 Bg4 10. d5 Bxf3 11. Bxf3 Ne5 12. c5 Nbc4 13. b3 Nxe3 14. fxe3 Nxf3+
15. Qxf3 Bxc3 16. Rac1 Bg7 17. e4 c6 18. Rfd1 cxd5 19. exd5 Qc7 20. d6 exd6 21.
cxd6 Qb6+ 22. Kh1 Rac8 23. Rxc8 Rxc8 24. Rf1 Qxd6 25. Qxf7+ Kh8 26. Qxb7 Qc7 27.
Qe4 Rf8 28. Rxf8+ Bxf8 29. Qd4+ Qg7 30. Qxg7+ Kxg7 31. Kg1 Kf6 32. Kf2 Ke5 33.
Ke3 Ba3 34. g3 a5 35. Kd3 Kf5 36. Kc4 Kg4 37. Kb5 Bb4 38. Ka4 Kh3 39. a3 Be1 40.
b4 axb4 41. axb4 Bxb4 42. Kxb4 Kxh2 43. Kc3 Kxg3 44. Kd2 Kf2 45. Kd3 g5 46. Ke4
{White resigns} 0-1

[Event "Team 45 45 League T85"]
[Site "Internet Chess Club"]
[Date "2020.07.24"]
[Round "4"]
[White "rookmaster23"]
[Black "ChessJayden"]
[Result "0-1"]
[WhiteElo "1645"]
[BlackElo "1714"]
[Opening "Sicilian: Najdorf"]
[ECO "B90"]
[Time "21:00:10"]
[TimeControl "2700+45"]

1. e4 c5 2. Nf3 d6 3. d4 cxd4 4. Nxd4 Nf6 5. Nc3 a6 6. f3 e5 7. Nb3 Be6 8. Be3
Be7 9. Qd2 O-O 10. O-O-O Nbd7 11. g4 b5 12. g5 b4 13. Ne2 Ne8 14. h4 a5 15. f4
a4 16. Na1 b3 17. Nc3 exf4 18. Bxf4 bxa2 19. h5 Ne5 20. g6 fxg6 21. hxg6 Rxf4
22. Qh2 h6 23. Bh3 Bxh3 24. Qxh3 Bg5 25. Qe6+ Kh8 26. Qxa2 Rf3+ 27. Kb1 a3
{White resigns} 0-1

[Event "Team 45 45 League T85"]
[Site "Internet Chess Club"]
[Date "2020.07.26"]
[Round "4"]
[White "eevee11"]
[Black "Mitochondria"]
[Result "1-0"]
[WhiteElo "1468"]
[BlackElo "1574"]
[Opening "Sicilian: Najdorf"]
[ECO "B90"]
[Time "16:01:38"]
[TimeControl "2700+45"]

1. e4 c5 2. Nf3 d6 3. d4 cxd4 4. Nxd4 Nf6 5. Nc3 a6 6. f3 e6 7. Be3 Be7 8. Qd2
b5 9. O-O-O O-O 10. g4 Bb7 11. h4 Nc6 12. Nxc6 Bxc6 13. h5 Qa5 14. Kb1 b4 15.
Ne2 Bb5 16. g5 Nd7 17. g6 Ne5 18. gxh7+ Kxh7 19. Nd4 Bxf1 20. Rdxf1 Nc4 21. Qe2
Nxe3 22. Qxe3 Qc5 23. h6 Bg5 24. hxg7+ Kxg7 25. Rfg1 f6 26. Rxg5+ fxg5 27. Nxe6+
Kf7 28. Nxc5 Rh8 29. Rxh8 Rxh8 30. b3 dxc5 31. Qxc5 Kg6 32. Qxb4 Rh3 33. Qd6+
Kh5 34. e5 Rxf3 35. e6 g4 36. e7 g3 37. e8=Q+ {Black resigns} 1-0